 Dungeon Crawl Stone Soup version 0.29.0-11-gd7f09526c8 (webtiles) character file.

Game seed: 8482385308793714716

356 NinjaNoafa the Grave Robber (level 6, -22/41 HPs)
             Began as a Demonspawn Necromancer on Sept 1, 2022.
             Killed by the air
             ... invoked by a blizzard demon
              (24 damage)
             ... on level 1 of the Abyss on Sept 2, 2022.
             The game lasted 00:08:57 (3718 turns).

NinjaNoafa the Grave Robber (DsNe)                  Turns: 3718, Time: 00:08:58

Health: -22/41     AC:  4    Str:  8    XL:     6   Next: 36%
Magic:  11/11      EV: 12    Int: 19    God:
Gold:   126        SH:  0    Dex: 13    Spells: 8/12 levels left

rFire   . . .      SeeInvis +   e - +1 hand axe (freeze)
rCold   + . .      Faith    .   (no shield)
rNeg    . . .      Spirit   .   u - +0 robe {rC+}
rPois   .          Reflect  .   (no helmet)
rElec   .          Harm     .   j - +0 cloak
rCorr   .          Rampage  .   s - +0 pair of gloves
Will    .....                   (no boots)
Stlth   ++........              (no amulet)
HPRegen 0.13/turn               h - ring of see invisible
MPRegen 0.24/turn               (no ring)

@: about to teleport
A: magic regeneration
a: no special abilities


You were on level 1 of the Abyss.
You visited 1 branch of the dungeon, and saw 4 of its levels.
You visited the Abyss 1 time.

You collected 126 gold pieces.

Inventory:

Hand Weapons
 e - a +1 hand axe of freezing (weapon)
Missiles
 a - 5 poisoned darts
 k - 23 stones
Armour
 j - a +0 cloak (worn)
 s - a +0 pair of gloves (worn)
 u - a +0 robe of cold resistance (worn)
Jewellery
 h - a ring of see invisible (left hand)
Scrolls
 d - a scroll of teleportation
 f - a scroll of fog {unknown}
 g - 2 scrolls of summoning {unknown}
 m - 3 scrolls of identify {unknown}
 n - a scroll of enchant armour {unknown}
 p - a scroll of enchant weapon {unknown}
 q - a scroll of fear {unknown}
 r - 2 scrolls of immolation {unknown}
 t - a scroll of blinking {unknown}
Potions
 b - a potion of magic
 c - a potion of attraction
 i - 3 potions of mutation {unknown}
 l - a potion of curing {unknown}
 o - a potion of cancellation {unknown}
 v - a potion of might {unknown}
 w - a potion of brilliance {unknown}


   Skills:
 - Level 1.7 Dodging
 - Level 1.7 Stealth
 + Level 3.9 Spellcasting
 + Level 6.7 Necromancy
 + Level 2.2 Ice Magic


You had 8 spell levels left.
You knew the following spells:

 Your Spells              Type           Power      Damage    Failure   Level
a - Necrotise             Necr           100%       1d9       1%          1
b - Vampiric Draining     Necr           29%        2d8       2%          3

Your spell library contained the following spells:

 Spells                   Type           Power      Damage    Failure   Level
 Freeze                   Ice            48%        1d7       5%          1
 Animate Dead             Necr           29%        N/A       9%          4
 Apportation              Tloc           6%         N/A       14%         1
 Frozen Ramparts          Ice            24%        1d4       17%         3
 Agony                    Necr           29%        N/A       24%         5
 Hailstorm                Conj/Ice       7%         3d4       65%         4
 Alistair's Intoxication  Tmut/Pois      2%         N/A       98%         5
 Fireball                 Conj/Fire      1%         3d3       98%         5
 Iskenderun's Battlesphe  Conj           3%         2d6       98%         5
 Conjure Ball Lightning   Conj/Air       1%         3x3d6     100%        6
 Orb of Destruction       Conj           1%         9d5       100%        7


Dungeon Overview and Level Annotations

Branches:
Dungeon (4/15)
 Temple: D:4-7

Altars:
Lugonu

Portals:
Abyss: D:4


Innate Abilities, Weirdness & Mutations

You regenerate magic rapidly.


Message History

You enter the shallow water.
Moving in this stuff is going to be slow.
A blizzard demon comes into view.
The white imp hits you. The white imp freezes you. You resist.
The white imp closely misses you.
Casting: Necrotise (safe; 1% risk of failure)
Confirm with . or Enter, or press ? or * to list all spells.
You can't see any susceptible monsters within range! (Use Z to cast anyway.)
Aiming: Necrotise (safe; 1% risk of failure)
Press: ? - help, Q - select action, (/) - cycle Shift-Dir - straight line, f - you
Okay, then.
The blizzard demon shouts!
The white imp gestures at you. The puff of frost hits you. You resist.
Press: ? - help, v - describe, . - travel
Here: a white imp The floor.
Unknown command.
Okay, then.
The white imp gestures at you. The puff of frost hits you. You resist.
The white imp gestures at you. The puff of frost hits you. You resist.
The blizzard demon gestures at you.
The bolt of cold hits the white imp!
The white imp resists.
The bolt of cold hits you!! You resist.
Ouch! That really hurt!
* * * LOW HITPOINT WARNING * * *
As you read the scroll labelled MUARANUAGI, it crumbles to dust.
You feel strangely unstable.
You feel the power of the Abyss delaying your translocation!
It was a scroll of teleportation.
The white imp lashes its tail.
The white imp gestures at you. The puff of frost hits you. You resist.
* * * LOW HITPOINT WARNING * * *
The blizzard demon waves its arms in wide circles.
The air twists around and strikes you!!
Ouch! That really hurt!
You die...

~~≈# # ###### ~#≈#
#. . ~≈..~.
#####~~~~~~~. #.
#§.52.2~≈≈~... #.
.###.#5# .~~.~~..
#..####.##~~~≈~≈..
#.###...##~.#~ ≈
#.@.#.....♣~...
#....#.##....~~..
#....#...#...~≈...
#.#...
..§..~♣~.... #.
#.#.....#.§§# ~~~
# ####..##...#
#~~♣ . #. #... #.
# ..


You could see a blizzard demon and a white imp.

Vanquished Creatures
  A black bear (D:4)
  A hound (D:3)
  An orc priest (D:2)
  Natasha (thrice) (D:3)
  3 gnolls (D:4)
  5 adders
  2 worms (D:2)
  3 orcs (D:2)
  6 ball pythons
  3 endoplasms
  4 giant cockroaches
  3 goblins
  4 hobgoblins
  4 jackals (D:3)
  2 bats
  2 frilled lizards (D:2)
  4 kobolds
  3 rats
54 creatures vanquished.

Vanquished Creatures (collateral kills)
  An endoplasm (D:2)
  A goblin (D:3)
2 creatures vanquished.

Grand Total: 56 creatures vanquished

Notes
Turn   | Place    | Note
-------+----------+-------------------------------------------
     0 | D:1      | NinjaNoafa the Demonspawn Necromancer began the quest for
                  | the Orb.
     0 | D:1      | Reached XP level 1. HP: 13/13 MP: 3/3
   526 | D:1      | Found a faded altar of an unknown god.
   747 | D:1      | Gained mutation: You regenerate magic rapidly. [demonic
                  | ancestry]
   747 | D:1      | Reached XP level 2. HP: 19/19 MP: 3/5
  1233 | D:2      | Reached XP level 3. HP: 18/24 MP: 1/7
  1491 | D:2      | Reached skill level 5 in Necromancy
  1535 | D:2      | Reached XP level 4. HP: 7/30 MP: 4/8
  2188 | D:2      | Reached skill level 6 in Necromancy
  2340 | D:2      | Upgraded the game from 0.29.0-10-g45618ea6d2 to
                  | 0.29.0-11-gd7f09526c8
  2344 | D:2      | Learned a level 3 spell: Vampiric Draining
  2356 | D:3      | Noticed Natasha
  2360 | D:3      | Killed Natasha
  2385 | D:3      | Reached XP level 5. HP: 27/35 MP: 2/9
  2612 | D:3      | Reached skill level 1 in Ice Magic
  2888 | D:3      | Noticed Natasha
  2895 | D:3      | Killed Natasha
  3175 | D:3      | Noticed Natasha
  3187 | D:3      | Killed Natasha
  3434 | D:4      | Found a one-way gate to the infinite horrors of the Abyss.
  3440 | D:4      | Noticed a black bear
  3449 | D:4      | Killed a black bear
  3450 | D:4      | Reached XP level 6. HP: 27/41 MP: 2/11
  3573 | D:4      | Found a large runed translucent door.
  3574 | D:4      | Found a large runed translucent door.
  3576 | D:4      | Found a corrupted altar of Lugonu.
  3620 | D:4      | Voluntarily entered the Abyss.
  3682 | Abyss:1  | Noticed a starcursed mass
  3698 | Abyss:1  | Noticed an ancient zyme
  3708 | Abyss:1  | Noticed a blizzard demon
  3718 | Abyss:1  | HP: 2/41 [white imp/puff of frost (4)]
  3718 | Abyss:1  | Killed from afar by a blizzard demon

Illustrated notes

Levels and vault maps discovered:
D:1:      matt_arrival_los_fun, layout_basic, chequers_ecumenical_altar_island,
          minmay_crystal_room, ebering_dispersal_statue_hall
D:2:      layout_loops_ring
D:3:      layout_loops_ring, nrook_uturn, minmay_misc_feat_tower, uniq_natasha
D:4:      due_chaos_kobolds, layout_basic, lightli_ossuary_entry_decrepit_ruins,
          uniq_pikel
Abyss:1:  base:
D:3

Skill      XL: |  1  2  3  4  5 |
---------------+----------------+-----
Spellcasting   | 3 |  3.9
Necromancy     | 5 6 |  6.7
Ice Magic      | 2 |  2.2
Dodging        | |  1.7
Stealth        | |  1.7

Action                   |  1- 3 |  4- 6 || total
-------------------------+-------+-------++-------
Melee: Unarmed           |     2 |       ||     2
       Falchion          |     3 |    11 ||    14
       Hand axe          |       |     2 ||     2
 Cast: Necrotise         |    39 |    78 ||   117
       Vampiric Draining |       |     4 ||     4
  Use: Potion            |       |     3 ||     3
       Scroll            |       |     1 ||     1
 Stab: Sleeping          |       |     1 ||     1
Armor: Robe              |     2 |    10 ||    12
Dodge: Dodged            |    12 |    34 ||    46
